AoeStats
← TheYolis

African Clearing

510459633Analyzed
4v4 RM · 1d ago on Oct 1, 2026· 43m 8s· 8 players
Game mode
Random Map
Map size
Large (8 player)
Population
200
Speed
Normal
Resources
Standard
Victory
Conquest
Starting age
Dark Age
Ending age
Imperial Age
RankedLock teamsTeams togetherTeam positionsShared explorationLock speedFull tech treeHidden civsTurbo modeCheats
Victory
Defeat
🇬🇧 Danes · United Kingdom
1011
+18
🇺🇸 Jurchens · United States
1011
+18
🇩🇪 Huns · Germany
970
+19
🇨🇳 Magyars · China
958
+20
🇺🇸 Persians · United States
1109
-22
🇨🇦 Spanish · Canada
1041
-18
🇲🇽 Spanish · Mexico
1020
-18
🇦🇷 Hindustanis · Argentina
1005
-17
osubuckeyes022
5:54 Loom
16:21 Feudal Age
19:53 Bloodlines
26:53 Horse Collar
27:06 Double-Bit Axe
32:11 Castle Age
30:57 Fletching
31:20 Forging
31:10 Scale Mail Armor
31:17 Scale Barding Armor
32:20 Light Cavalry
39:34 Heavy Plow
40:44 Wheelbarrow
Guerilla62
5:06 Loom
16:11 Feudal Age
17:29 Wheelbarrow
17:21 Double-Bit Axe
20:28 Gold Mining
20:40 Stone Mining
22:23 Horse Collar
26:14 Bloodlines
28:35 Scale Barding Armor
28:41 Forging
30:56 Castle Age
32:12 Hand Cart
31:59 Heavy Plow
32:12 Bow Saw
33:05 Gold Shaft Mining
33:45 Husbandry
33:53 Light Cavalry
37:08 Marauders
40:11 Chain Barding Armor
40:27 Iron Casting
43:55 Imperial Age
Her
4:31 Loom
10:20 Loom
11:31 Loom
13:56 Feudal Age
13:59 Man-at-Arms
15:15 Arson
16:32 Double-Bit Axe
18:41 Horse Collar
22:01 Stone Mining
25:43 Castle Age
24:35 Wheelbarrow
27:05 Bow Saw
28:37 Heavy Plow
28:51 Scale Mail Armor
30:14 Chain Mail Armor
30:47 Squires
33:48 Gambesons
34:15 Forging
38:25 Imperial Age
36:13 Hand Cart
37:54 Hamask
40:49 Masonry
40:36 Murder Holes
41:49 Hoardings
41:50 Plate Mail Armor
41:56 Iron Casting
开局一片田
12:07 Feudal Age
11:17 Loom
14:28 Double-Bit Axe
15:17 Scale Barding Armor
26:09 Castle Age
25:01 Gold Mining
24:55 Horse Collar
25:29 Fletching
25:39 Padded Archer Armor
27:05 Bow Saw
27:18 Husbandry
28:11 Bodkin Arrow
28:32 Leather Archer Armor
28:37 Heavy Plow
32:25 Wheelbarrow
32:22 Ballistics
32:13 Clinker Construction
34:06 Gold Shaft Mining
33:21 Stone Mining
34:39 Hand Cart
39:13 Bloodlines
42:37 Imperial Age
40:50 Town Watch
42:32 Thumb Ring
42:56 Corvinian Army
43:23 Bracer
43:54 Ring Archer Armor
44:26 Two-Man Saw
43:54 Parthian Tactics
43:52 Conscription
Borzak4113
5:22 Loom
18:03 Feudal Age
19:34 Horse Collar
22:26 Forging
22:18 Scale Mail Armor
29:47 Castle Age
28:29 Scale Barding Armor
32:31 Iron Casting
33:13 Husbandry
aanndrrees
18:06 Feudal Age
19:34 Wheelbarrow
18:45 Town Watch
18:48 Loom
18:53 Town Watch
27:27 Stone Mining
28:11 Horse Collar
32:43 Double-Bit Axe
35:14 Castle Age
37:58 Hand Cart
39:35 Bow Saw
39:54 Elite Skirmisher
40:43 Padded Archer Armor
40:45 Scale Mail Armor
TheYolis
3:52 Loom
13:39 Feudal Age
19:32 Castle Age
23:47 Double-Bit Axe
25:17 Horse Collar
26:41 Wheelbarrow
26:16 Town Watch
32:26 Imperial Age
31:10 Ballistics
31:42 Fletching
31:53 Padded Archer Armor
32:42 Kamandaran
33:06 Gold Mining
33:20 Heavy Plow
33:09 Crossbowman
34:38 Hand Cart
35:01 Leather Archer Armor
36:19 Chemistry
36:33 Bodkin Arrow
37:09 Ring Archer Armor
39:02 Gold Shaft Mining
40:08 Bloodlines
39:59 Husbandry
39:21 Heavy Camel Rider
40:30 Conscription
jimmi
5:56 Loom
14:08 Feudal Age
23:27 Castle Age
22:14 Horse Collar
22:22 Double-Bit Axe
22:59 Scale Mail Armor
23:10 Forging
24:36 Wheelbarrow
23:51 Pikeman
31:35 Town Watch
31:55 Heavy Plow
32:06 Gold Mining
32:01 Elite Skirmisher
33:52 Hand Cart
33:40 Stone Mining
34:25 Fletching
34:35 Padded Archer Armor
35:32 Bodkin Arrow
36:50 Town Patrol
38:21 Leather Archer Armor
40:53 Chain Mail Armor
40:48 Forging
Connection lost

Rejoining the realm…

Still unreachable

The connection could not be restored.

Session expired

The server has moved on; the page needs a fresh start.